 Dungeon Crawl Stone Soup version 0.30-a0-743-gbfdf073431 (webtiles) character file.

Game seed: 16878677418008347066

1151 Dittersdorf the Shield-Bearer (level 8, -1/51 HPs)
             Began as a Gargoyle Fighter on Feb 7, 2023.
             Slain by an iguana (3 damage)
             ... on level 5 of the Dungeon.
             The game lasted 00:05:24 (3604 turns).

Dittersdorf the Shield-Bearer (Gargoyle Fighter)    Turns: 3604, Time: 00:05:25

Health: -1/51      AC: 19    Str: 23    XL:     8   Next: 38%
Magic:  8/8        EV:  9    Int:  8    God:
Gold:   163        SH:  5    Dex:  9    Spells: 7/7 levels left

rFire   . . .      SeeInvis .    a - +0 flail
rCold   . . .      Faith    .    c - +0 buckler
rNeg    + . .      Spirit   .    b - +0 scale mail
rPois   ∞          Reflect  .    y - +0 helmet
rElec   +          Harm     .    l - +0 cloak
rCorr   .          Rampage  .    (no gloves)
Will    .....                    (no boots) Stlth
                                 (no amulet)
HPRegen 0.28/turn                w - +4 ring of protection
MPRegen 0.11/turn                (no ring)

@: no status effects
A: sickness immunity, AC +5, negative energy resistance 1, electricity
resistance, torment resistance 1, petrification resistance
a: no special abilities


You were on level 5 of the Dungeon.
You visited 1 branch of the dungeon, and saw 5 of its levels.

You collected 163 gold pieces.

Inventory:

Hand Weapons
 a - a +0 flail (weapon)
Missiles
 f - 15 poisoned darts (quivered)
Armour
 b - a +0 scale mail (worn)
 c - a +0 buckler (worn)
 l - a +0 cloak (worn)
 o - a +0 plate armour
 y - a +0 helmet (worn)
Jewellery
 w - a +4 ring of protection (left hand)
Wands
 r - a wand of flame (15)
Scrolls
 e - 6 scrolls of identify {unknown}
 g - a scroll of teleportation {unknown}
 h - 3 scrolls of brand weapon {unknown}
 j - a scroll of fog {unknown}
 k - 2 scrolls of magic mapping {unknown}
 n - a scroll of poison {unknown}
 q - a scroll of noise {unknown}
 t - a scroll of immolation {unknown}
 x - a scroll of silence {unknown}
 D - 3 scrolls of amnesia {unknown}
Potions
 d - 2 potions of might
 i - 2 potions of attraction {unknown}
 m - 3 potions of heal wounds {unknown}
 p - 2 potions of curing {unknown}
 s - a potion of ambrosia {unknown}
 u - a potion of cancellation {unknown}
 v - a potion of degeneration {unknown}
 z - 2 potions of invisibility {unknown}
 A - a potion of magic {unknown}
 B - a potion of lignification {unknown}


   Skills:
 + Level 6.2 Fighting
 + Level 5.1 Maces & Flails
 + Level 6.2 Armour
 + Level 6.2 Shields


You had 7 spell levels left.
You didn't know any spells.
Your spell library contained the following spells:

 Spells                   Type           Power      Damage    Failure   Level
 Apportation              Tloc           0%         N/A       78%         1
 Lesser Beckoning         Tloc           0%         N/A       89%         2
 Gell's Gravitas          Tloc           0%         N/A       98%         3
 Hailstorm                Conj/Ice       0%         3d3       98%         3
 Kindle Blastsparks       Fire/Tloc/Air  0%         2d10      98%         3
 Teleport Other           Tloc           0%         N/A       98%         3
 Anguish                  Hex/Necr       0%         N/A       100%        4
 Fulminant Prism          Conj/Hex       0%         3d5       100%        4
 Ice Form                 Ice/Tmut       0%         N/A       100%        4
 Iskenderun's Mystic Bla  Conj/Tloc      0%         2d3       100%        4
 Leda's Liquefaction      Hex/Erth       0%         N/A       100%        4
 Alistair's Intoxication  Tmut/Pois      0%         N/A       100%        5
 Lee's Rapid Deconstruct  Erth           0%         3d4*      100%        5
 Simulacrum               Ice/Necr       0%         N/A       100%        6
 Enfeeble                 Hex            0%         N/A       100%        7
 Statue Form              Tmut/Erth      Unusable   N/A       N/A         6

Dungeon Overview and Level Annotations

Branches:
Dungeon (5/15)
 Temple: D:4-7

Altars:
Hepliaklqana
Nemelex Xobeh
Xom


Innate Abilities, Weirdness & Mutations

You are immune to sickness and miasma.
Your stone body is resilient. (AC +5)
You are immune to poison.
You resist negative energy. (rN+)
You are resistant to electric shocks. (rElec)
You are resistant to unholy torment.
You are immune to petrification.


Message History

The iguana bites you. Menkaure hits you.
You sock Menkaure!
Menkaure is severely damaged.
The ice beast hits you but does no damage.
You block the iguana's attack. Menkaure barely misses you.
You thump Menkaure!
You destroy Menkaure!
The ice beast barely misses you. The iguana closely misses you.
Your Maces & Flails skill increases to level 5!
You closely miss the ice beast. You block the ice beast's attack.
The iguana bites you. The iguana closely misses you.
The ice beast closely misses you.
You closely miss the ice beast.
The ice beast hits you but does no damage.
The iguana bites you!
You are too injured to fight recklessly!
You are too injured to fight recklessly!
You are too injured to fight recklessly!
You are too injured to fight recklessly!
You are too injured to fight recklessly!
You are too injured to fight recklessly!
You sock the ice beast!
The ice beast is moderately wounded.
An adder comes into view.
The ice beast hits you but does no damage.
The iguana bites you but does no damage.
The adder hisses angrily.
You thump the ice beast!
The ice beast is severely wounded.
The ice beast hits you but does no damage.
The iguana bites you.
* * * LOW HITPOINT WARNING * * *
You hit the ice beast.
The ice beast is almost dead.
The ice beast hits you.
* * * LOW HITPOINT WARNING * * *
The ice beast freezes you!
* * * LOW HITPOINT WARNING * * *
The iguana bites you.
You die...

###.# #...#
###...##
##......#
##.......##
##...<.....#
#.........##
###.........#
#....Y@....##
#.....l.....#
.......>...##
...S..>....#
..#.......##
.#.......##
##.....##
###..##


You could see an ice beast, an iguana and an adder.

Vanquished Creatures
  Pikel (D:4)
  Menkaure (D:5)
  A black bear (D:4)
  An ogre (D:4)
  Blork the orc (D:4)
  2 orc priests (D:4)
  An iguana (D:4)
  2 orc wizards
  6 adders
  4 gnolls (D:3)
  An ufetubus (D:4)
  3 dart slugs (D:1)
  A worm (D:3)
  4 orcs
  6 endoplasms
  4 giant cockroaches
  4 goblins
  9 hobgoblins
  4 jackals (D:1)
  6 quokkas
  12 ball pythons
  7 bats
  2 frilled lizards
  12 kobolds
  6 rats
101 creatures vanquished.

Notes
Turn   | Place    | Note
-------+----------+-------------------------------------------
     0 | D:1      | Dittersdorf the Gargoyle Fighter began the quest for the
                  | Orb.
     0 | D:1      | Reached XP level 1. HP: 14/14 MP: 1/1
    99 | D:1      | Reached XP level 2. HP: 19/19 MP: 2/2
   325 | D:1      | Reached XP level 3. HP: 22/23 MP: 3/3
   767 | D:2      | Found a faded altar of an unknown god.
  1030 | D:2      | Reached XP level 4. HP: 24/29 MP: 4/4
  1260 | D:2      | Found a sparkling altar of Nemelex Xobeh.
  1853 | D:3      | Reached XP level 5. HP: 19/33 MP: 5/5
  2663 | D:4      | Noticed a black bear
  2673 | D:4      | Killed a black bear
  2674 | D:4      | Reached XP level 6. HP: 36/39 MP: 6/6
  2834 | D:4      | Noticed Blork the orc
  2847 | D:4      | Killed Blork the orc
  2990 | D:4      | Reached skill level 5 in Fighting
  2990 | D:4      | Reached skill level 5 in Armour
  2990 | D:4      | Reached skill level 5 in Shields
  2990 | D:4      | Reached XP level 7. HP: 44/44 MP: 7/7
  3054 | D:4      | Found a shimmering altar of Xom.
  3055 | D:4      | Found a hazy altar of Hepliaklqana.
  3056 | D:4      | Noticed a spectral ugly thing
  3086 | D:4      | Noticed Pikel
  3141 | D:4      | Killed Pikel
  3142 | D:4      | Reached XP level 8. HP: 40/51 MP: 8/8
  3591 | D:5      | Entered Level 5 of the Dungeon
  3591 | D:5      | Noticed Menkaure
  3599 | D:5      | Killed Menkaure
  3600 | D:5      | Reached skill level 5 in Maces & Flails
  3604 | D:5      | HP: 2/51 [ice beast (11)]
  3604 | D:5      | Slain by an iguana

Illustrated notes

Levels and vault maps discovered:
D:1:      dpeg_arrival_arbitrary_a, layout_basic
D:2:      layout_basic, nicolae_ecumenical_pavilion, basic_altar
D:3:      minmay_chambers_of_threes, layout_basic, minmay_misc_feat_plants,
          minmay_strange_pillars
D:4:      layout_basic, regret_index_temple_of_mockery, uniq_pikel,
          uniq_blork_the_orc
D:5:      layout_cave_pods, palyth_temple_overflow_mages, uniq_menkaure,
          uniq_duvessa

Skill      XL: |  1  2  3  4  5  6  7  8 |
---------------+-------------------------+-----
Armour         | 4 5 6 |  6.2
Shields        | 4 5 6 |  6.2
Fighting       | 4 5 6 |  6.2
Maces & Flails | 3 4 5 |  5.1

Action                     |  1- 3 |  4- 6 |  7- 9 || total
---------------------------+-------+-------+-------++-------
  Melee: Flail             |    89 |   209 |    73 ||   371
  Throw: Dart              |       |     5 |       ||     5
 Armour: Scale mail        |    52 |   116 |    39 ||   207
  Dodge: Dodged            |    29 |   113 |    36 ||   178
  Block: Buckler           |    13 |    48 |    21 ||    82

Table legend: (Time is in decaauts)
 A = Elapsed time spent in this place.
 B = Non-inter-level travel time spent in this place.
 C = Inter-level travel time spent in this place.
 D = Time resting spent in this place.
 E = Time spent auto-exploring this place.
 F = Levels seen in this place.
 G = Mean time per level.
                   A        B        C        D        E       F      G
               +--------+--------+--------+--------+--------+-----+--------+
         Total |   3709 |   3585 |    124 |    192 |   2530 |   5 |  741.8 |
       Dungeon |   3709 |   3585 |    124 |    192 |   2530 |   5 |  741.8 |
               +--------+--------+--------+--------+--------+-----+--------+

Top non-repeatable levels by time:
     D:3: 1094 daAuts
     D:4: 998 daAuts
     D:1: 801 daAuts
     D:2: 800 daAuts
     D:5: 14 daAuts
